 Dungeon Crawl Stone Soup version 0.19.0-23-gf02e663 (webtiles) character file.

26 Larett the Cudgeler (level 3, 0/23 HPs)
             Began as a Gargoyle Berserker on Nov 19, 2016.
             Was a Follower of Trog.
             Slain by an adder (3 damage)
             ... on level 2 of the Dungeon.
             The game lasted 00:02:17 (1647 turns).

Larett the Cudgeler (Gargoyle Berserker)            Turns: 1647, Time: 00:02:18

Health: 0/23       AC:  4    Str: 20    XL:     3   Next: 8%
Magic:  3/3        EV: 12    Int:  7    God:    Trog [*.....]
Gold:   76         SH:  0    Dex: 15    Spells: 0 memorised, 2 levels left

rFire  . . .     SeeInvis .     a - +0 mace
rCold  . . .     Gourm    .     b - +0 animal skin
rNeg   + . .     Faith    .     (no shield)
rPois  ∞         Spirit   .     (no helmet)
rElec  +         Reflect  .     (no cloak)
rCorr  .         Harm     .     u - +0 pair of gloves
MR     .....                    (no boots)
Stlth  +.........               s - amulet of inaccuracy (curse)
                                j - -2 ring of protection (curse)
                                g - +5 ring of dexterity

@: no status effects
A: negative energy resistance 1, electricity resistance, unbreathing,
petrification resistance, rot immunity, AC +3
a: Berserk, Burn Spellbooks, Renounce Religion


You were on level 2 of the Dungeon.
You worshipped Trog.
Trog was aware of your devotion.
You were not hungry.

You visited 1 branch of the dungeon, and saw 2 of its levels.

You collected 76 gold pieces.

Inventory:

Hand Weapons
 a - a +0 mace (weapon)
Missiles
 k - 34 arrows
 o - 12 poisoned needles
 r - 58 stones (quivered)
 t - 17 bolts
 w - 4 needles of frenzy
Armour
 b - a +0 animal skin (worn)
 u - a +0 pair of gloves (worn)
Jewellery
 g - a +5 ring of dexterity (left hand)
 j - a cursed -2 ring of protection (right hand)
 s - a cursed amulet of inaccuracy (around neck)
Scrolls
 l - a scroll of teleportation {unknown}
 m - a scroll of recharging
 p - a scroll of remove curse
 v - a scroll of fog {unknown}
 x - a scroll of identify
Potions
 d - a potion of mutation {unknown}
 e - a potion of haste {unknown}
 h - a potion of curing {unknown}
 n - 3 potions of flight {unknown}
Comestibles
 c - a bread ration
 f - a slice of pizza
 i - a meat ration
 q - a royal jelly


   Skills:
 - Level 3.2 Fighting
 + Level 4.1 Maces & Flails
 - Level 2.1 Armour
 - Level 1.5 Dodging


You had 2 spell levels left.
You didn't know any spells.

Dungeon Overview and Level Annotations

Branches:
Dungeon (2/15)

Altars:


Innate Abilities, Weirdness & Mutations

You are resistant to torment.
Your stone body is resilient. (AC +3)
You are immune to poison.
You resist negative energy. (rN+)
You are resistant to electric shocks. (rElec)
You can survive without breathing.
You are immune to petrification.
You are immune to rotting.


Message History

You miss the adder. The adder bites you but does no damage.
You hit the adder but do no damage. The adder bites you.
* * * LOW HITPOINT WARNING * * *
The adder bites you.
* * * LOW HITPOINT WARNING * * *
You closely miss the adder. The adder closely misses you.
You miss the adder. The adder closely misses you. x2
You hit the adder.
The adder is moderately wounded.
The adder bites you.
* * * LOW HITPOINT WARNING * * *
You hit the adder.
The adder is heavily wounded.
The adder bites you.
* * * LOW HITPOINT WARNING * * *
The adder closely misses you.
You hit the adder.
The adder is almost dead.
The adder bites you.
You die...

#.........#
##.##.
#.........#
#..#.
#.........#
##.#.
#.........+
.#.
#.........#
.#.
#.........#
.#.
###'#######
..
###'#####
#..9....#
#..S....#
#.......#
#.......#
#.......#
#[......#
#.......#
#......)#


You could see an adder.

Vanquished Creatures
  A dart slug (D:1)
  A leopard gecko (D:1)
  A giant cockroach (D:2)
  5 goblins
  4 hobgoblins
  A ball python (D:2)
  3 bats
  A frilled lizard (D:1)
  5 kobolds (D:2)
  2 rats (D:2)
24 creatures vanquished.

Notes
Turn   | Place    | Note
-------+----------+-------------------------------------------
     0 | D:1      | Larett the Gargoyle Berserker began the quest for the Orb.
     0 | D:1      | Reached XP level 1. HP: 14/14 MP: 1/1
   385 | D:1      | Reached XP level 2. HP: 19/19 MP: 2/2
  1363 | D:2      | Reached skill level 4 in Maces & Flails
  1606 | D:2      | Reached XP level 3. HP: 22/23 MP: 3/3
  1646 | D:2      | HP: 3/23 [adder (4)]
  1647 | D:2      | Slain by an adder

Skill      XL: |  1  2 |
---------------+-------+-----
Maces & Flails | 4 |  4.1
Fighting       | |  3.2
Armour         | |  2.1
Dodging        | |  1.5

Action                   || total
-------------------------++-------
Melee: Mace              ||    95
  Use: Scroll            ||     3
 Stab: Sleeping          ||     1
  Eat: Chunk             ||     2
Armor: Animal skin       ||    36
Dodge: Dodged            ||    83
